 Dungeon Crawl Stone Soup version 0.30.1-4-g462c640d31 (webtiles) character file.

Game seed: 15025744835039873880

174 Zeor the Twirler (level 5, -3/31 HPs)
             Began as a Gargoyle Gladiator on Aug 21, 2023.
             Slain by a wight
             ... wielding a +4 war axe
              (6 damage)
             ... on level 4 of the Dungeon.
             The game lasted 00:06:04 (2491 turns).

Zeor the Twirler (Gargoyle Gladiator)               Turns: 2491, Time: 00:06:05

Health: -3/31      AC: 10    Str: 18 (20) XL:     5   Next: 54%
Magic:  5/5        EV: 11    Int:  7 (8)  God:
Gold:   126        SH:  0    Dex: 10 (11) Spells: 4/4 levels left

rFire   . . .        a - +0 quarterstaff
rCold   . . .        (shield currently unavailable)
rNeg    + . .        k - +0 ring mail
rPois   ∞            m - +0 helmet {SInv}
rElec   +            (no cloak)
rCorr   .            (no gloves)
SInv    +            (no boots)
Will    .....        g - amulet of faith
Stlth   +            (no ring)
HPRegen 0.25/turn    (no ring)
MPRegen 0.09/turn

%: faith
@: brilliant, about to teleport
A: sickness immunity, AC +4, negative energy resistance 1, electricity
resistance, torment resistance 1, petrification resistance
a: no special abilities


You were on level 4 of the Dungeon.
You visited 1 branch of the dungeon, and saw 4 of its levels.

You collected 126 gold pieces.

Inventory:

Hand Weapons
 a - a +0 quarterstaff (weapon)
Missiles
 b - 5 poisoned darts
 d - 3 throwing nets (quivered)
 e - a javelin
Armour
 k - a +0 ring mail (worn)
 m - a +0 helmet of see invisible (worn)
Jewellery
 g - an amulet of faith (around neck)
Scrolls
 i - 2 scrolls of teleportation
Potions
 c - 2 potions of flight
 f - a potion of magic
 h - 2 potions of attraction


   Skills:
 + Level 2.7 Fighting
 + Level 4.4 Staves
 * Level 3.1 Throwing
 + Level 1.1 Armour
 + Level 2.9 Dodging
 + Level 0.3 Stealth


You had 4 spell levels left.
You didn't know any spells.
Your spell library was empty.

Dungeon Overview and Level Annotations

Branches:
Dungeon (4/15)
 Temple: D:4-7

Altars:


Innate Abilities, Weirdness & Mutations

You are immune to sickness and miasma.
Your stone body is resilient. (AC +4)
You are immune to poison.
You resist negative energy. (rN+)
You are resistant to electric shocks. (rElec)
You are resistant to unholy torment.
You are immune to petrification.


Message History

The endoplasm quivers.
A wight comes into view. It is wielding a +0 dagger.
You sock the endoplasm!
You kill the endoplasm!
A wight comes into view. It is wielding a +4 war axe.
Things that are here:
a +0 whip; a +4 short sword of venom; an orc skeleton It was a potion of heal wounds.
You feel much better.
It was a potion of brilliance.
You feel clever all of a sudden.
It was a potion of curing.
You feel better.
It was a potion of degeneration.
There was something very wrong with that liquid.
You feel weakened.
You feel dopey.
You feel clumsy. The wight hits you with a +0 dagger.
You barely miss the wight. The wight hits you but does no damage.
You barely miss the wight. The wight hits you but does no damage.
Okay, then.
You hit the wight.
The wight is moderately damaged.
The wight hits you with a +4 war axe.
You hit the wight but do no damage.
The wight is moderately damaged.
The wight completely misses you.
You hit the wight but do no damage.
The wight is moderately damaged.
The wight hits you with a +4 war axe.
You barely miss the wight.
The wight is moderately damaged.
The wight hits you with a +4 war axe.
You closely miss the wight.
The wight is moderately damaged.
The wight hits you with a +4 war axe!
You hit the wight.
The wight is moderately damaged.
The wight hits you with a +4 war axe!
* * * LOW HITPOINT WARNING * * *
As you read the scroll of teleportation, it crumbles to dust.
You feel strangely unstable. The wight hits you with a +4 war axe.
You die...

∙▒▒ ▒∙∙∙▒ ▒∙∙∙∙∙▒∙▒∙▒▒▒∙▒ ▒▒
▒∙∙∙▒ ▒∙∙∙∙∙▒∙▒∙∙∙∙∙▒ ▒
▒z∙∙▒▒▒▒▒▒▒▒∙∙∙∙∙∙∙▒▒▒▒▒▒▒ ▒
▒▒▒▒▒∙∙∙▒▒∙∙∙∙∙∙∙∙∙∙∙∙▒▒∙∙∙∙∙▒
▒▒▒∙∙∙∙∙∙∙∙∙∙∙∙∙∙∙∙∙∙∙∙▒∙▒▒∙∙∙∙∙▒
∙∙∙∙∙∙∙∙∙∙∙∙∙∙∙(∙▒∙∙▒∙∙∙∙∙∙∙∙∙∙∙▒
▒▒▒∙∙∙∙∙∙∙∙∙∙∙∙∙▒▒∙∙▒∙▒▒∙▒▒∙∙∙∙∙▒
▒ ▒▒▒▒▒∙∙∙▒▒∙▒▒▒▒∙∙∙∙▒▒∙▒▒∙∙∙∙∙▒
▒ ▒▒▒∙∙∙▒▒∙zz9∙∙∙∙∙∙∙∙▒▒▒▒▒▒▒▒
▒▒▒▒▒▒∙∙∙∙∙∙∙▒▒▒▒▒▒∙▒▒▒▒▒▒
∙∙∙∙∙▒∙▒∙∙∙▒∙▒ ▒∙▒ ∙▒▒▒∙▒∙▒∙∙∙▒∙▒
▒)▒ ∙▒ ▒∙∙∙∙∙∙▒▒∙▒ ▒∙▒ ▒▒▒▒▒▒▒
∙▒▒▒∙▒∙▒▒▒▒▒∙▒ ▒∙▒ ▒∙∙∙∙∙▒ ▒
∙∙∙∙∙▒∙▒ ▒∙▒ ▒∙▒▒▒▒∙▒▒▒∙▒ ▒
▒▒∙▒▒▒∙∙ ∙∙▒ ▒∙∙∙∙∙∙∙∙▒∙▒▒▒▒
∙∙∙∙∙▒▒▒▒ ▒▒▒ ▒▒▒▒▒▒∙▒∙∙∙∙∙∙∙


You could see 2 wights.

Vanquished Creatures
  An orc priest (D:4)
  2 orc wizards
  An adder (D:3)
  An adder zombie (D:2)
  2 adder skeletons (D:2)
  2 dart slugs
  9 orcs
  4 bats
  2 bat zombies (D:2)
  7 endoplasms
  3 giant cockroaches
  4 goblins
  4 hobgoblins
  3 quokkas
  3 ball pythons (D:1)
  2 ball python skeletons (D:2)
  3 frilled lizards
  4 kobolds
  3 rats (D:1)
60 creatures vanquished.

Notes
Turn   | Place    | Note
-------+----------+-------------------------------------------
     0 | D:1      | Zeor the Gargoyle Gladiator began the quest for the Orb.
     0 | D:1      | Reached XP level 1. HP: 12/12 MP: 1/1
    77 | D:1      | Found a faded altar of an unknown god.
    79 | D:1      | Noticed a golden eye
    79 | D:1      | Noticed a golden eye
    85 | D:1      | Noticed a great orb of eyes
    88 | D:1      | Noticed a golden eye
   122 | D:1      | Reached XP level 2. HP: 11/17 MP: 2/2
   613 | D:1      | Reached XP level 3. HP: 21/21 MP: 3/3
  1356 | D:2      | Reached XP level 4. HP: 21/27 MP: 4/4
  1424 | D:2      | Reached skill level 4 in Staves
  2257 | D:4      | Reached skill level 1 in Armour
  2257 | D:4      | Reached XP level 5. HP: 31/31 MP: 5/5
  2491 | D:4      | Slain by a wight

Illustrated notes

Levels and vault maps discovered:
D:1:      minmay_arrival_split_and_join, layout_loops_corners,
          hellmonk_ecumenical_altar_watching_god, serial_forest,
          infiniplex_forest_clump_double, infiniplex_forest_clump_curved,
          infiniplex_forest_clump_double, infiniplex_forest_end_3,
          infiniplex_forest_zigzag_2, feat_on_display
D:2:      layout_loops_cross, serial_undead, serial_undead_a, serial_undead_e,
          serial_undead_b, serial_undead_e, serial_undead_d, serial_undead_b,
          serial_undead_c, nicolae_concentric_dashed_squares_mild
D:3:      layout_rooms
D:4:      layout_loops_cross

Skill      XL: |  1  2  3  4  5 |
---------------+----------------+-----
Throwing       | 2 3 |  3.1
Staves         | 4 |  4.4
Armour         | 1 |  1.1
Fighting       | |  2.7
Dodging        | |  2.9
Stealth        | |  0.3

Action                     |  1- 3 |  4- 6 || total
---------------------------+-------+-------++-------
  Melee: Quarterstaff      |   112 |    81 ||   193
  Throw: Javelin           |       |     1 ||     1
    Use: Scroll            |     5 |     4 ||     9
         Potion            |       |     4 ||     4
 Armour: Leather armour    |    29 |       ||    29
         Ring mail         |    34 |    34 ||    68
  Dodge: Dodged            |    57 |    37 ||    94
